Map: Fracture LE

Players

Senryakku - Winner!

  • Race: Terran Terran
  • League: Master
  • Spawn Location: 5:00

Vasa

  • Race: Zerg Zerg
  • League: Diamond
  • Spawn Location: 11:00

VOD

Have the link to the VOD?

Description

Time

  • Played on: Oct. 25, 2018, 7:51 a.m.
  • Length: 11:51
Show
View Real Time Build Order
Export as new Build Order

Senryakku Terran - Winner!

Build Orders: Command Center First (CC) 

Get SALT Encoding   

  12  0:02  SCV  
  13  0:14  SCV  
  13  0:18  Supply Depot  
  14  0:26  SCV  
  15  0:40  SCV  
  16  0:52  SCV  
  17  1:00  Command Center  
  17  1:05  SCV  
  18  1:17  Barracks  
  18  1:21  SCV  
  19  1:28  Refinery  
  19  1:33  SCV  
  19  1:35  Refinery  
  20  1:45  SCV  
  21  2:05  Orbital Command  
  21  2:07  Reaper  
  22  2:12  Orbital Command  
  22  2:25  Factory  
  22  2:31  SCV  
  23  2:38  SCV  
  23  2:41  Barracks Reactor  
  23  2:43  SCV  
  25  2:50  SCV  
  26  2:56  SCV  
  27  3:02  SCV  
  28  3:10  Supply Depot  
  28  3:12  Starport  
  28  3:14  SCV  
  29  3:26  Hellion x2  
  33  3:28  SCV  
  33  3:30  SCV  
  35  3:36  Marine  
  36  3:41  SCV  
  36  3:42  SCV  
  36  3:44  Supply Depot  
  36  3:45  Refinery  
  38  3:50  Hellion x2  
  38  3:52  Viking  
  38  3:53  SCV  
  38  3:54  SCV  
  46  3:59  Starport  
  46  4:06  Supply Depot, SCV x2  
  48  4:12  Supply Depot  
  48  4:13  Hellion x2  
  52  4:18  SCV  
  52  4:19  SCV  
  52  4:23  Fusion Core  
  54  4:32  SCV  
  54  4:33  SCV  
  54  4:35  Supply Depot  
  56  4:39  Hellion x2  
  56  4:41  Starport Tech Lab x2  
  56  4:45  Refinery, SCV x2  
  62  4:57  SCV x2  
  64  5:09  SCV x2  
  70  5:16  Battlecruiser  
  70  5:18  Battlecruiser  
  70  5:20  Supply Depot  
  78  5:21  Supply Depot  
  78  5:31  Weapon Refit  
  78  5:41  SCV x2  
  78  5:42  Armory, Supply Depot  
  80  5:45  Supply Depot  
  80  5:53  SCV x2  
  82  6:03  Command Center  
  82  6:05  SCV  
  82  6:06  SCV  
  82  6:07  Supply Depot  
  82  6:08  Supply Depot  
  84  6:18  SCV  
  85  6:20  Hellion x2  
  89  6:27  Battlecruiser  
  95  6:35  Battlecruiser  
  85  6:54  SCV x2  
  85  6:56  Hellion x2  
  91  7:06  SCV x2  
  93  7:08  Barracks Tech Lab  
  93  7:15  Factory  
  93  7:18  Hellbat  
  95  7:24  Hellion  
  103  7:37  Battlecruiser  
  103  7:39  Hellion  
  105  7:45  Orbital Command, SCV x2, Hellion  
  105  7:48  Terran Vehicle And Ship Armor Level 1  
  109  8:00  Hellion  
  111  8:21  Orbital Command  
  111  8:28  Factory  
  111  8:32  Factory  
  110  8:34  SCV  
  110  8:39  Siege Tank  
  110  8:40  Hellion x2  
  118  8:42  Refinery  
  118  8:46  Refinery  
  118  8:48  SCV x2  
  120  8:58  Factory  
  120  8:59  Barracks Reactor  
  120  9:04  SCV x3  
  120  9:06  Hellion x2  
  127  9:13  Factory Tech Lab  
  127  9:14  Siege Tank  
  127  9:15  Factory Tech Lab  
  127  9:16  SCV  
  131  9:18  Medivac x2  
  131  9:22  SCV  
  131  9:23  SCV  
  137  9:28  Engineering Bay  
  137  9:29  Hellion, Command Center  
  137  9:30  Hellion  
  139  9:41  Armory  
  141  9:53  Hellion  
  141  9:56  Supply Depot  
  141  9:57  Supply Depot  
  141  9:58  Supply Depot  
  141  9:59  Supply Depot  
  141  10:01  Siege Tank x3, Hellion x3  
  156  10:17  Medivac x2  
  160  10:21  Hellion  
  160  10:22  Hellion x2  
  166  10:33  Supply Depot  
  166  10:34  Supply Depot  
  166  10:37  Siege Tank  
  166  10:38  Siege Tank x2  
  166  10:39  Supply Depot  
  166  10:40  Hellion  
  177  10:46  Command Center  
  175  11:14  Siege Tank x3, Hellion x2  
  188  11:21  Hellion  
Show
View Real Time Build Order
Export as new Build Order

Vasa Zerg 

Build Orders: Hatch First 

Get SALT Encoding   

  12  0:01  Drone  
  13  0:13  Overlord  
  13  0:18  Drone  
  14  0:32  Drone x2  
  16  0:52  Hatchery  
  16  0:55  Drone x2  
  17  0:59  Drone  
  18  1:10  Extractor  
  17  1:15  Spawning Pool  
  17  1:18  Drone  
  17  1:21  Drone  
  18  1:29  Drone  
  19  1:40  Overlord  
  19  2:02  Queen  
  19  2:04  Zergling x4  
  19  2:05  Queen  
  25  2:09  Drone  
  25  2:11  Drone  
  27  2:16  Metabolic Boost  
  27  2:25  Drone  
  28  2:36  Hatchery  
  27  2:44  Queen  
  27  2:46  Drone  
  30  2:52  Overlord  
  30  2:56  Drone x2  
  32  3:02  Drone x2  
  34  3:06  Overlord  
  34  3:11  Drone x2  
  36  3:17  Drone x2  
  37  3:22  Drone x2  
  39  3:27  Queen  
  41  3:36  Drone  
  41  3:37  Drone, Roach Warren  
  42  3:42  Drone x2  
  44  3:49  Drone x3  
  44  3:52  Queen  
  49  3:56  Drone  
  49  4:01  Extractor  
  49  4:09  Queen  
  51  4:12  Overlord  
  51  4:14  Evolution Chamber  
  50  4:17  Overlord  
  50  4:18  Lair  
  50  4:21  Drone x3  
  50  4:22  Drone  
  54  4:29  Spore Crawler  
  53  4:33  Drone x5  
  58  4:39  Roach x2  
  58  4:41  Overlord  
  58  4:44  Drone x2  
  64  4:53  Overlord  
  64  4:54  Drone  
  64  4:55  Drone  
  64  4:56  Overlord  
  64  4:59  Extractor  
  65  5:02  Zerg Ground Armor Level 1  
  65  5:07  Overlord  
  65  5:12  Drone x6  
  65  5:13  Drone  
  72  5:18  Overseer  
  72  5:24  Drone x2  
  72  5:25  Drone x4  
  78  5:30  Overlord x2  
  78  5:34  Drone x2  
  80  5:35  Baneling Nest  
  80  5:40  Roach x2  
  82  5:43  Spine Crawler  
  82  5:47  Zergling x12  
  87  5:55  Spine Crawler, Glial Reconstitution  
  86  6:01  Roach  
  86  6:02  Spire  
  87  6:09  Overlord  
  87  6:11  Roach x4  
  95  6:16  Extractor  
  94  6:19  Overseer  
  94  6:25  Overlord  
  89  6:42  Spore Crawler  
  79  7:02  Spire  
  78  7:29  Hatchery  
  75  7:30  Queen  
  75  7:31  Queen  
  75  7:36  Spore Crawler  
  74  7:47  Hydralisk Den, Queen  
  74  7:48  Spore Crawler  
  74  7:49  Spore Crawler  
  69  7:52  Spore Crawler  
  62  8:21  Hydralisk  
  62  8:22  Hydralisk x10  
  82  8:36  Hatchery, Drone x4  
  82  8:37  Drone  
  82  8:41  Hydralisk x2  
  85  8:45  Extractor, Queen  
  90  8:49  Hydralisk  
  92  8:57  Overlord x4  
  92  8:58  Drone x2  
  92  8:59  Drone x14  
  107  9:16  Drone  
  107  9:17  Drone x4  
  112  9:24  Extractor  
  112  9:26  Extractor  
  110  9:35  Roach x7  
  110  9:36  Roach  
  126  9:47  Hydralisk x4  
  134  10:01  Drone x6  
  140  10:08  Hydralisk x6  
  152  10:20  Spawning Pool  
  151  10:25  Overlord x4  
  151  10:48  Spire  
  151  10:49  Extractor  
  149  10:52  Overlord x4  
  149  10:54  Hydralisk x6  
  161  11:00  Drone x5  
  161  11:01  Drone  
  159  11:26  Roach x13  
Tags
 
Add a new tag
Caveats
  • Supply blocks, unpowered buildings, or Contaminate may cause inaccurate times.
  • Supply counts are checked every 10 seconds.